 Dungeon Crawl Stone Soup version 0.21.1-1-g345015f (webtiles) character file.

85 prawnwizard the Chopper (level 4, 0/40 HPs)
             Began as a Minotaur Berserker on June 30, 2018.
             Was a Believer of Trog.
             Killed from afar by Natasha (2 damage)
             ... with a magic dart
             ... on level 3 of the Dungeon.
             The game lasted 00:02:03 (1335 turns).

prawnwizard the Chopper (Minotaur Berserker)        Turns: 1335, Time: 00:02:03

Health: 0/40       AC:  9    Str: 22    XL:     4   Next: 25%
Magic:  3/3        EV:  9    Int:  4    God:    Trog [**....]
Gold:   106        SH:  0    Dex: 10    Spells: 3/3 levels left

rFire    . . .     SeeInvis .   a - +0 hand axe
rCold    . . .     Gourm    .   (no shield)
rNeg     . . .     Faith    .   i - +0 chain mail
rPois    .         Spirit   .   (helmet restricted)
rElec    .         Reflect  .   (no cloak)
rCorr    .         Harm     .   (no gloves)
MR       .....                  (no boots)
Stlth    ..........             (no amulet)
HPRegen  0.13/turn              (no ring)
MPRegen  0.08/turn              (no ring)

@: berserk cooldown, slowed, very slow
A: retaliatory headbutt, horns 2
a: Berserk, Trog's Hand, Burn Spellbooks, Renounce Religion


You were on level 3 of the Dungeon.
You worshipped Trog.
Trog was pleased with you.
You were very hungry.

You visited 1 branch of the dungeon, and saw 3 of its levels.

You collected 106 gold pieces.

Inventory:

Hand Weapons
 a - a +0 hand axe (weapon)
Armour
 b - a +0 animal skin
 i - a +0 chain mail (worn)
Jewellery
 l - an uncursed ring of fire {unknown}
Scrolls
 d - 2 scrolls of teleportation {unknown}
 e - 2 scrolls of remove curse {unknown}
 f - a scroll of magic mapping {unknown}
 h - a scroll of identify {unknown}
 j - a scroll of enchant armour {unknown}
Potions
 g - a potion of lignification {unknown}
Comestibles
 c - 3 rations


   Skills:
 + Level 4.2 Fighting
 * Level 4.8 Axes
 + Level 3.2 Armour
 + Level 3.0 Dodging


You had 3 spell levels left.
You didn't know any spells.

Dungeon Overview and Level Annotations

Branches:
Dungeon (3/15)

Altars:

Annotations:
D:3 Natasha; bande's ghost, amateur GrFi


Innate Abilities, Weirdness & Mutations

You reflexively headbutt those who attack you in melee.
You have a pair of horns on your head.


Message History

You slash bande's ghost! Your headbutt misses bande's ghost.
Bande's ghost is heavily damaged.
You miss the goblin. The goblin hits you but does no damage.
Natasha stares at you and mumbles some strange words.
The magic dart hits you!
* * * LOW HITPOINT WARNING * * *
Bande's ghost hits you!
* * * LOW HITPOINT WARNING * * *
Unknown command.
Unknown command.
The goblin closely misses you.
You feel a strong urge to attack something.
Bande's ghost keens inconsolably.
You feel your anger nearly subside.
You are no longer berserk.
Trog's vigour flows through your veins.
You are exhausted.
You feel yourself slow down. Natasha casts a spell at you.
The magic dart hits you!
You die...

####.. ..... .....#
.... #....##...
#........# #....#...#
# ##...)....##.##
##....††........
####?...#.......# ..
#....@....# # #..
#.........# ..##..
#.g......#...
#.....###.h........##
##.$..$W......)....
#....)g.........##.
#.......#.........
..................##
.......####.###....


You could see Natasha, bande's ghost and 2 goblins.

Vanquished Creatures
  A gnoll (D:1)
  2 adders
  A worm (D:2)
  5 dart slugs
  A leopard gecko (D:1)
  7 bats
  3 giant cockroaches
  9 hobgoblins
  A quokka (D:2)
  6 frilled lizards
  2 goblins
  3 kobolds
  3 rats
44 creatures vanquished.

Notes
Turn   | Place    | Note
-------+----------+-------------------------------------------
     0 | D:1      | prawnwizard the Minotaur Berserker began the quest for the Orb.
     0 | D:1      | Reached XP level 1. HP: 19/19 MP: 0/0
    42 | D:1      | Reached XP level 2. HP: 16/27 MP: 1/1
   522 | D:1      | Reached XP level 3. HP: 30/33 MP: 2/2
   890 | D:2      | Reached ** piety under Trog
  1157 | D:2      | Reached XP level 4. HP: 40/40 MP: 3/3
  1319 | D:3      | Noticed bande's ghost (amateur GrFi)
  1322 | D:3      | Noticed Natasha
  1329 | D:3      | HP: 1/60 [bande's ghost (13)]
  1335 | D:3      | Killed from afar by Natasha

Skill      XL: |  1  2  3  4 |
---------------+-------------+-----
Axes           | 4 |  4.8
Fighting       | 4 |  4.2
Armour         | 3 |  3.2
Dodging        | 3 |  3.0

Action                   |  1- 3 |  4- 6 || total
-------------------------+-------+-------++-------
Melee: Hand axe          |    90 |    13 ||   103
       Headbutt          |     8 |     2 ||    10
Invok: Berserk           |       |     1 ||     1
  Eat: Chunk             |     1 |       ||     1
Armor: Animal skin       |     3 |       ||     3
       Chain mail        |    33 |     7 ||    40
Dodge: Dodged            |    39 |     8 ||    47
